 Dungeon Sprint DCSS version 0.30-a0-778-g2ef04afb54 (webtiles) character file.

Game seed: 15345085104258198984

632 BigDaddyOpFi the Vampiric Catastrophe (level 7, -1/47 HPs)
             Began as a Vampire Fighter on Feb 15, 2023.
             Was an Elder of Qazlal.
             Slain by a skeletal warrior
             ... wielding a +4 halberd
              (22 damage)
             ... in the Dungeon (Sprint VII: "The Pits").
             The game lasted 00:01:58 (951 turns).

BigDaddyOpFi the Vampiric Catastrophe (VpFi)         Turns: 951, Time: 00:01:59

Health: -1/47      AC: 10    Str: 17    XL:     7   Next: 24%
Magic:  3/13       EV:  9    Int: 11    God:    Qazlal [****..]
Gold:   0          SH: 11    Dex: 13    Spells: 6/6 levels left

rFire   . . .      SeeInvis +    l - +1 long sword (flame)
rCold   + + .      Faith    .    c - +0 buckler
rNeg    + + +      Spirit   .    k - +3 scale mail
rPois   ∞          Reflect  .    (no helmet)
rElec   .          Harm     .    (no cloak)
rCorr   .          Rampage  .    (no gloves)
Will    .....      NoTele   +    (no boots)
Stlth   +                        (no amulet)
HPRegen 0.00/turn                (no ring)
MPRegen 0.13/turn                (no ring)

@: bloodless, inhibited regen, repel missiles
A: bloodless, fangs 3, see invisible, vampiric 2
a: Bat Form, Revivify, Renounce Religion, Upheaval, Elemental Force


You were in the Dungeon.
You worshipped Qazlal.
Qazlal was greatly pleased with you.
You visited 1 branch

Inventory:

Hand Weapons
 a - a +0 long sword
 l - a +1 long sword of flaming (weapon)
Armour
 b - a +0 scale mail
 c - a +0 buckler (worn)
 k - a +3 scale mail (worn)
Scrolls
 j - a scroll of blinking
Potions
 d - 5 potions of heal wounds
 e - 2 potions of invisibility
 f - 5 potions of curing
 g - a potion of haste
 h - 4 potions of magic
 i - 3 potions of berserk rage


   Skills:
 + Level 6.5 Fighting
 + Level 6.8 Long Blades
 + Level 6.0 Armour
 + Level 6.5 Shields
 * Level 8.1 Invocations


You had 6 spell levels left.
You didn't know any spells.
Your spell library was empty.

Dungeon Overview and Level Annotations

Branches:
Dungeon (1/1)

Altars:
Ashenzari
Cheibriados
Dithmenos
Fedhas
Gozag
Hepliaklqana
Kikubaaqudgha
Makhleb
Nemelex Xobeh
Okawaru
Qazlal
Ru
Sif Muna
Trog
Uskayaw
Vehumet
Wu Jian
Xom
Yredelemnul
Jiyva
Lugonu


Innate Abilities, Weirdness & Mutations

You do not regenerate when monsters are visible.
You are frail without blood (-20% HP).
You can heal yourself when you bite living creatures.
You are immune to poison.
You have razor-sharp teeth.
You have supernaturally acute eyesight. (SInv)
You are afflicted with vampirism and can become a bat while bloodless.


Message History

You slash the iron imp!
You kill the iron imp!
Qazlal accepts your kill.
There is an open door here.
You start resting.
HP restored.
You open the door.
A worm, a tarantella and 3 skeletal warriors come into view.
The tarantella's many legs skitter faintly.
Activating: Disaster Area (21% risk of failure)
Press: ? - help, Dir - look around, f - activate Nature churns violently around you!
The blast of ice hits the skeletal warrior!!
The skeletal warrior partially resists.
The skeletal warrior is heavily damaged.
The skeletal warrior is flash-frozen.
The blast of ice hits the tarantella!!
The tarantella is almost dead.
The tarantella is flash-frozen.
The blast of ice hits the skeletal warrior!
The skeletal warrior partially resists.
The skeletal warrior is moderately damaged.
The skeletal warrior is flash-frozen.
The blast of ice hits the tarantella!!
You kill the tarantella!
Qazlal accepts your kill.
The blast of rubble hits the worm!
The worm is almost dead.
You can no longer call upon nature's wrath in a wide area around you.
Your Armour skill increases to level 6!
Your Invocations skill increases to level 8!
You have reached level 7!
Okay, then.
You cannot raise a blood rage in your lifeless body.
The skeletal warrior hits you from afar with a +0 halberd!
Continue your ritual?
You block the skeletal warrior's attack.
You begin the revivification ritual.
You continue your ritual.
You block the skeletal warrior's attack.
The skeletal warrior hits you from afar with a +0 halberd!
The skeletal warrior hits you from afar with a +4 halberd!!
You die...

#.##'#.....##...<...#
#.#........##.......#
#.#........##.......#
#)###########.......#
#.......#.. #########
#...#...#.# ###
#...#...#.# ...#
#.##.##.#z#w...#
#...#...#@'z.†.+
#...#...#'#z...#
#.......'.# ...#
########### ###


You could see 3 skeletal warriors and a worm.

Vanquished Creatures
  A tarantella (D)
  A redback (D)
  Pargi (D)
  A kobold brigand (D)
  A quasit (D)
  An iron imp (D)
  Jessica (D)
  An adder (D)
  A river rat (D)
  3 ufetubi (D)
  An adder zombie (D)
  2 worms (D)
  A bat (D)
  A bat skeleton (D)
  A giant cockroach (D)
  2 ball python zombies (D)
  2 rats (D)
22 creatures vanquished.

Notes
Turn   | Place    | Note
-------+----------+-------------------------------------------
     0 | D        | BigDaddyOpFi the Vampire Fighter began the quest for the
                  | Orb.
     0 | D        | Reached XP level 1. HP: 17/17 MP: 1/1
    20 | D        | Reached XP level 2. HP: 21/24 MP: 2/2
   115 | D        | Found a bloodstained altar of Trog.
   115 | D        | Found a shimmering blue altar of Sif Muna.
   115 | D        | Found a viscous altar of Jiyva.
   115 | D        | Found a hazy altar of Hepliaklqana.
   115 | D        | Found an opulent altar of Gozag.
   116 | D        | Found a basalt altar of Yredelemnul.
   116 | D        | Found a shimmering altar of Xom.
   116 | D        | Found an ornate altar of the Wu Jian Council.
   116 | D        | Found a sacrificial altar of Ru.
   116 | D        | Found a stormy altar of Qazlal.
   116 | D        | Found an iron altar of Okawaru.
   116 | D        | Found a sparkling altar of Nemelex Xobeh.
   116 | D        | Found a burning altar of Makhleb.
   116 | D        | Found a blossoming altar of Fedhas.
   116 | D        | Found a shadowy altar of Dithmenos.
   116 | D        | Found a snail-covered altar of Cheibriados.
   117 | D        | Found a radiant altar of Vehumet.
   117 | D        | Found a corrupted altar of Lugonu.
   118 | D        | Found an ancient bone altar of Kikubaaqudgha.
   118 | D        | Found a hide-covered altar of Uskayaw.
   118 | D        | Found a broken altar of Ashenzari.
   123 | D        | Became a worshipper of Qazlal Stormbringer
   280 | D        | Reached * piety under Qazlal
   281 | D        | Reached skill level 1 in Invocations
   343 | D        | Noticed a kobold brigand
   349 | D        | Gained mutation: You are afflicted with vampirism and can
                  | become a bat while bloodless. [Vampire growth]
   349 | D        | Reached XP level 3. HP: 29/30 MP: 4/4
   355 | D        | Killed a kobold brigand
   355 | D        | Reached ** piety under Qazlal
   356 | D        | Reached skill level 3 in Invocations
   356 | D        | Reached XP level 4. HP: 35/38 MP: 4/6
   357 | D        | Reached skill level 4 in Invocations
   426 | D        | Noticed Jessica
   442 | D        | Reached *** piety under Qazlal
   443 | D        | Reached XP level 5. HP: 43/43 MP: 8/8
   451 | D        | Killed Jessica
   452 | D        | Reached skill level 5 in Invocations
   455 | D        | Reached **** piety under Qazlal
   470 | D        | Noticed Pargi
   488 | D        | Killed Pargi
   489 | D        | Reached skill level 5 in Fighting
   489 | D        | Reached skill level 5 in Long Blades
   489 | D        | Reached skill level 5 in Shields
   489 | D        | Reached skill level 6 in Invocations
   489 | D        | Reached XP level 6. HP: 13/40 MP: 8/10
   792 | D        | Noticed a redback
   800 | D        | Killed a redback
   801 | D        | Reached skill level 5 in Armour
   801 | D        | Reached skill level 7 in Invocations
   933 | D        | Reached ***** piety under Qazlal
   948 | D        | Noticed a tarantella
   948 | D        | Noticed a skeletal warrior
   948 | D        | Noticed a skeletal warrior
   948 | D        | Noticed a skeletal warrior
   949 | D        | Killed a tarantella
   950 | D        | Reached skill level 8 in Invocations
   950 | D        | Reached XP level 7. HP: 47/47 MP: 3/13
   951 | D        | Slain by a skeletal warrior

Illustrated notes

Levels and vault maps discovered:
D:        pitsprint [storerooms_1, entrance_room_1, metal_vault_8, armoury_2,
          mini_pit_1, grid_room_1, main_hall_1, silver_pit, the_coven_2,
          the_vestibule_1, steel_vault_5, golden_pit, hallway_of_sentries,
          crystal_vault_2, iron_vault_5, final_vault]

Skill      XL: |  1  2  3  4  5  6 |
---------------+-------------------+-----
Fighting       | 3 4 5 6 |  6.5
Armour         | 3 4 6 |  6.0
Shields        | 3 4 5 6 |  6.5
Long Blades    | 3 4 5 6 |  6.8
Invocations    | 1 3 4 6 8 |  8.1

Action                     |  1- 3 |  4- 6 |  7- 9 || total
---------------------------+-------+-------+-------++-------
  Melee: Long sword        |    41 |    58 |       ||    99
         Bite              |       |     5 |       ||     5
 Invoke: Disaster Area     |       |     1 |       ||     1
Ability: Exsanguinate      |       |     1 |       ||     1
         Revivify          |       |       |     1 ||     1
    Use: Potion            |     3 |       |       ||     3
 Armour: Scale mail        |    22 |    35 |       ||    57
  Dodge: Dodged            |    23 |    40 |       ||    63
  Block: Buckler           |    16 |    53 |     2 ||    71

Table legend: (Time is in decaauts)
 A = Elapsed time spent in this place.
 B = Non-inter-level travel time spent in this place.
 C = Inter-level travel time spent in this place.
 D = Time resting spent in this place.
 E = Time spent auto-exploring this place.
 F = Levels seen in this place.
 G = Mean time per level.
                   A        B        C        D        E       F      G
               +--------+--------+--------+--------+--------+-----+--------+
         Total |    973 |    953 |     20 |    680 |      0 |   1 |  973.0 |
       Dungeon |    973 |    953 |     20 |    680 |      0 |   1 |  973.0 |
               +--------+--------+--------+--------+--------+-----+--------+

Top non-repeatable levels by time:
       D: 973 daAuts
